Map: Abyssal Reef LE

Players

Swaghar

  • Race: Protoss Protoss
  • League: Master
  • Spawn Location: 5:00

Epic - Winner!

  • Race: Terran Terran
  • League: Grandmaster
  • Spawn Location: 11:00

Event: HopeTL

VOD

https://www.youtube.com/watch?v=fIOJgj8wW98&list=PL9QsjkBYtQM7NVZEDVfaNugqO61aBOlm6&index=1

Description

Time

  • Played on: Oct. 3, 2017, 7:06 p.m.
  • Length: 11:24
Show
View Real Time Build Order
Export as new Build Order

Swaghar Protoss 

Build Orders: 1 Gate Expand, Oracle Opening 

Get SALT Encoding   

  12  0:00  Probe (Chrono Boost)  
  13  0:11  Probe (Chrono Boost)  
  14  0:19  Pylon  
  14  0:21  Probe (Chrono Boost)  
  15  0:37  Probe (Chrono Boost)  
  15  0:38  Gateway  
  16  0:44  Assimilator  
  16  0:48  Probe (Chrono Boost)  
  17  0:54  Assimilator  
  17  1:00  Probe (Chrono Boost)  
  18  1:11  Probe (Chrono Boost)  
  19  1:27  Nexus  
  19  1:38  Cybernetics Core  
  19  1:41  Probe (Chrono Boost)  
  19  1:46  Assimilator  
  20  1:51  Probe (Chrono Boost)  
  21  1:58  Pylon  
  21  2:02  Probe (Chrono Boost)  
  22  2:12  Probe (Chrono Boost)  
  23  2:20  Stargate  
  23  2:23  Probe (Chrono Boost)  
  24  2:30  Adept (Chrono Boost)  
  24  2:34  Probe  
  26  2:41  Warp Gate  
  26  2:46  Probe x2  
  28  2:53  Adept (Chrono Boost)  
  28  2:56  Probe  
  31  2:58  Probe  
  32  3:08  Probe  
  32  3:09  Oracle (Chrono Boost)  
  36  3:13  Probe  
  36  3:14  Adept  
  39  3:25  Probe  
  41  3:27  Probe  
  41  3:31  Gateway  
  41  3:38  Gateway  
  41  3:42  Pylon  
  41  3:55  Oracle (Chrono Boost)  
  41  3:58  Probe (Chrono Boost)  
  41  4:01  Probe (Chrono Boost)  
  46  4:11  Mothership Core (Chrono Boost)  
  46  4:14  Probe (Chrono Boost)  
  49  4:26  Probe (Chrono Boost)  
  49  4:29  Probe (Chrono Boost)  
  48  4:39  Probe x2 (Chrono Boost)  
  48  4:43  Phoenix  
  47  4:50  Probe (Chrono Boost)  
  47  4:51  Nexus, Probe (Chrono Boost)  
  47  4:52  Pylon, Twilight Council  
  51  4:53  Assimilator  
  51  4:54  Forge  
  51  4:55  Assimilator  
  51  5:02  Probe (Chrono Boost)  
  51  5:05  Adept  
  54  5:08  Pylon  
  54  5:11  Pylon  
  54  5:15  Pylon  
  54  5:17  Resonating Glaives  
  54  5:18  Probe (Chrono Boost)  
  55  5:22  Adept  
  55  5:23  Adept  
  55  5:27  Probe (Chrono Boost)  
  60  5:31  Protoss Ground Weapons Level 1 (Chrono Boost)  
  60  5:32  Probe  
  60  5:34  Phoenix  
  63  5:38  Probe  
  64  5:44  Probe  
  65  5:55  Adept x3  
  65  5:56  Probe  
  72  6:00  Pylon  
  72  6:04  Probe  
  70  6:13  Pylon  
  70  6:19  Adept x2  
  61  6:43  Adept  
  61  6:44  Adept x2  
  61  6:45  Phoenix  
  48  7:03  Probe  
  48  7:06  Gateway  
  45  7:09  Adept x2  
  45  7:10  Adept  
  49  7:19  Probe  
  50  7:26  Gateway, Phoenix  
  50  7:30  Adept x2  
  50  7:31  Gateway  
  50  7:33  Adept  
  54  7:53  Phoenix  
  56  8:00  Probe (Chrono Boost)  
  56  8:03  Adept  
  56  8:04  Adept  
  59  8:18  Void Ray  
  63  8:27  Adept x3  
  63  8:28  Adept  
  63  8:30  Pylon  
  63  8:32  Pylon  
  71  8:36  Probe (Chrono Boost)  
  70  8:50  Adept x4  
  70  8:52  Adept  
  72  9:12  Adept x2  
  72  9:13  Adept x2  
  72  9:14  Probe (Chrono Boost)  
  79  9:20  Adept  
  81  9:26  Probe (Chrono Boost)  
  76  9:33  Adept x2, Pylon  
  76  9:34  Adept  
  76  9:35  Adept  
  84  9:40  Adept  
  84  9:45  Gateway  
  86  9:51  Gateway  
  84  9:55  Adept x2  
  84  9:58  Adept x2  
  62  10:20  Adept x2  
  62  10:21  Adept x3  
  66  10:30  Probe (Chrono Boost)  
  66  10:31  Dark Shrine  
  65  10:43  Nexus  
  65  10:44  Adept x3  
  65  10:45  Pylon, Adept x3  
  74  10:55  Probe (Chrono Boost)  
  72  11:00  Probe (Chrono Boost)  
  57  11:11  Adept x3  
  56  11:21  Adept  
Show
View Real Time Build Order
Export as new Build Order

Epic Terran - Winner!

Build Orders: Bio Tank 

Get SALT Encoding   

  12  0:00  SCV  
  13  0:13  SCV  
  14  0:17  Supply Depot  
  14  0:25  SCV  
  15  0:30  Refinery  
  15  0:38  SCV  
  16  0:44  Barracks  
  16  0:50  SCV  
  17  1:02  SCV  
  18  1:15  SCV  
  19  1:31  Orbital Command  
  20  1:33  Reaper  
  20  1:47  Command Center  
  20  1:58  Factory  
  20  2:02  SCV  
  20  2:07  Barracks Reactor  
  21  2:15  Supply Depot, SCV  
  21  2:24  Refinery  
  21  2:27  SCV  
  22  2:39  SCV  
  23  2:44  Marine x2, Starport  
  23  2:51  SCV  
  26  2:52  Widow Mine  
  28  3:00  Barracks  
  28  3:07  Marine x2  
  28  3:08  SCV  
  31  3:19  Orbital Command  
  31  3:24  SCV  
  31  3:26  Factory Tech Lab  
  32  3:34  Viking  
  32  3:37  SCV  
  35  3:43  Marine x2  
  35  3:48  SCV  
  38  3:49  SCV  
  38  3:56  Marine, Stimpack  
  38  3:57  Factory Tech Lab  
  39  4:03  Supply Depot, SCV  
  39  4:06  SCV  
  41  4:11  Viking  
  42  4:18  Siege Tank  
  42  4:21  Marine  
  42  4:22  Marine  
  41  4:24  Marine  
  37  4:31  SCV  
  37  4:32  SCV  
  38  4:44  SCV x2  
  40  4:45  Marine x3  
  43  4:53  Siege Tank  
  44  5:00  SCV x2  
  44  5:04  Marine x2  
  44  5:05  Marine  
  48  5:11  Supply Depot  
  48  5:12  SCV  
  50  5:14  SCV  
  50  5:19  Engineering Bay  
  50  5:25  Siege Tank  
  50  5:26  SCV  
  54  5:30  Starport Reactor  
  54  5:32  SCV  
  54  5:35  Marine x2  
  57  5:38  Marine  
  56  5:43  SCV  
  56  5:44  SCV  
  56  5:45  Missile Turret  
  56  5:48  Missile Turret  
  58  5:55  SCV  
  58  5:56  SCV  
  60  5:58  Marine x2  
  62  6:14  Marine  
  62  6:15  Supply Depot, Siege Tank, SCV x2  
  68  6:19  Marine x2  
  68  6:25  Bunker  
  69  6:28  Bunker  
  69  6:37  SCV x2  
  69  6:38  Marine x3  
  65  6:47  Terran Infantry Weapons Level 1  
  65  6:51  SCV x2  
  65  6:54  Widow Mine  
  65  7:01  Medivac x2  
  65  7:08  SCV x2  
  71  7:09  Combat Shields  
  71  7:10  Bunker  
  71  7:17  Marine x3  
  72  7:23  SCV  
  72  7:24  SCV  
  72  7:26  Refinery  
  72  7:27  Supply Depot  
  74  7:31  Siege Tank  
  74  7:36  Marine  
  78  7:40  Missile Turret  
  78  7:43  Supply Depot  
  78  7:48  Marine x2  
  78  7:50  SCV x2  
  82  7:52  Supply Depot  
  82  8:00  Command Center  
  82  8:04  Marine, Bunker  
  83  8:06  Marine x2  
  85  8:14  Siege Tank  
  85  8:17  Supply Depot, SCV x2  
  90  8:21  Refinery, Bunker  
  90  8:26  Marine x3  
  92  8:42  Barracks  
  92  8:43  Barracks  
  92  8:46  Terran Infantry Armor Level 1, Siege Tank, SCV x2  
  97  8:52  Barracks  
  97  8:59  Missile Turret  
  97  9:05  Marine x3  
  97  9:08  SCV x2  
  94  9:13  Orbital Command  
  90  9:20  SCV x2  
  87  9:27  Siege Tank  
  89  9:42  Barracks Reactor, Barracks Tech Lab x2  
  89  9:43  Orbital Command  
  89  9:44  Marine  
  89  9:45  Marine, Marauder  
  93  9:47  Medivac  
  93  9:50  SCV x2  
  95  10:09  Siege Tank  
  88  10:17  Marine x2, Marauder x3  
  88  10:20  SCV x3  
  99  10:34  Marine x2  
  99  10:36  SCV x2  
  99  10:37  SCV  
  102  10:47  Siege Tank  
  105  10:52  SCV x3  
  105  11:04  Marine x3  
  105  11:05  Marine  
  114  11:11  SCV x2  
  114  11:12  SCV  
Tags
 
Add a new tag
Caveats
  • Supply blocks, unpowered buildings, or Contaminate may cause inaccurate times.
  • Supply counts are checked every 10 seconds.